[Event "*** Titled Tuesday Blitz"]
[Site "Chess.com"]
[Date "2018.10.02"]
[Round "4"]
[White "Turkey-Champion"]
[Black "pedromartinez91"]
[Result "1-0"]
[WhiteElo "2312"]
[BlackElo "2360"]
[TimeControl "180+2"]
[EndTime "13:46:43 PDT"]
[Termination "Turkey-Champion won by resignation"]

1. e4 c5 2. Nf3 Nc6 3. d4 cxd4 4.
Nxd4 d5 5. Nxc6 bxc6 6. exd5 Qxd5 7. Qxd5 cxd5 8. Nc3 e6 9. Bb5+ Bd7 10. O-O Rc8 11. Be3 Bc5 12. Bxd7+ Kxd7 13. Rad1 Nf6 14. Rfe1 Rc6 15.
Rd2 Rb8 16. Red1 Rxb2 17. Bxc5 Rxc5 18. Na4 Rcb5 19. Nxb2 Rxb2 20. c4 Rb4 21. cxd5 Nxd5 22. Rd4 Rb2 23. Ra4 Ke7 24. Rxa7+ Kf6 25. g3 h5 26. h4 Nc3 27. Ra1 Ne4 28. Rf1 Nd2 29.
Rd1 e5 30. a4 e4 31. Rd7 Nf3+ 32. Kg2 Ne5 33. R7d2 Rb4 34. Rd4 Rb2 35. Rxe4 Ng4 36.
Rf4+ Kg6 37. Rd6+ f6 38. a5 Ra2 39. a6 Ne3+ 40. Kf3 Nf5 41. Rb6 Ne7 42. Rd4 Ra3+ 43.
Kg2 Nc8 44. Rb8 Na7 45. Rd6 Ra5 46. Rb7 Nc8 47. Rc6 Rxa6 48. Rxa6 1-0

[Event "*** Titled Tuesday Blitz"]
[Site "Chess.com"]
[Date "2018.10.02"]
[Round "4"]
[White "joppie2"]
[Black "Anton_Demchenko"]
[Result "0-1"]
[WhiteElo "2680"]
[BlackElo "2840"]
[TimeControl "180+2"]
[EndTime "13:46:46 PDT"]
[Termination "Anton_Demchenko won by resignation"]

1. d4 Nf6 2. Bf4 c5 3. e3 Qb6 4. Na3 Qxb2 5. Nb5 Nd5 6. Rb1 Qxa2 7. Nf3 a6 8. Ra1 Qb2 9. Be5 Qb4+ 10. Nd2 Nc6 11. c3 Nxc3 12. Nc7+ Kd8 13. Qb3 Qxb3 14.
Nxb3 Ra7 15. Bf4 e5 16. dxe5 Kxc7 17. Bc4 b5 18. Bxf7 Kb6 19. Kd2 d5 20. Kxc3 Rxf7 21. Bg3 Be6 22. f4 g6 23. Rhc1 a5 24. Bf2 a4 25. Nd2 b4+ 26. Kc2 Kb5 27. Nf3 Be7 28.
Kd2 b3 29. Kc3 c4 30. e4 dxe4 0-1

[Event "*** Titled Tuesday Blitz"]
[Site "Chess.com"]
[Date "2018.10.02"]
[Round "4"]
[White "josmito10"]
[Black "mjray79"]
[Result "1-0"]
[WhiteElo "2750"]
[BlackElo "2126"]
[TimeControl "180+2"]
[EndTime "13:46:47 PDT"]
[Termination "josmito10 won by checkmate"]

1. d4 Nf6 2. c4 e6 3. g3 d5 4.
Nf3 c6 5. Qc2 Be7 6. Bg2 Nbd7 7.
O-O O-O 8. Nbd2 b6 9. e4 dxe4 10. Nxe4 Bb7 11. Rd1 Nxe4 12. Qxe4 Nf6 13. Qc2 Qc7 14.
Bf4 Bd6 15. Bxd6 Qxd6 16. c5 Qc7 17. Rac1 Rad8 18. a3 Nd5 19. Ng5 Nf6 20. b4 h6 21.
Nf3 a5 22. bxa5 bxa5 23. Ne5 Nd5 24. Nc4 Ba6 25. Nd6 Qe7 26. Qd2 Qc7 27. Be4 Rb8 28.
Bb1 Rb3 29. Qc2 Rfb8 30. Qh7+ Kf8 31. Qh8+ Ke7 32. Qxg7 Rf3 33. Be4 Rf6 34. Re1 Rb2 35. Rc2 Rb3 36. Bg6 Bd3 37. Bxf7 Bxc2 38. Bg6+ Kd8 39.
Qg8+ Kd7 40. Qe8# 1-0

[Event "*** Titled Tuesday Blitz"]
[Site "Chess.com"]
[Date "2018.10.02"]
[Round "4"]
[White "Kouzari"]
[Black "Jbd735"]
[Result "1/2-1/2"]
[WhiteElo "2484"]
[BlackElo "2312"]
[TimeControl "180+2"]
[EndTime "13:46:50 PDT"]
[Termination "Game drawn by repetition"]

1. d4 d5 2. c4 e6 3. Nc3 c6 4. e3 Nf6 5. Nf3 Nbd7 6. Qc2 Bd6 7. Bd3 O-O 8. O-O Qe7 9. e4 dxc4 10. Bxc4 e5 11. d5 Nb6 12. Bb3 Bg4 13. dxc6 bxc6 14. Qe2 h6 15. h3 Bh5 16. g4 Nxg4 17. hxg4 Bxg4 18. Kg2 Kh8 19. Rh1 f5 20. Bxh6 gxh6 21. Rxh6+ Kg7 22. Rah1 Rh8 23. Rxh8 Rxh8 24. Rxh8 Kxh8 25.
exf5 Qh7 26. Bd1 e4 27. Qxe4 Qh3+ 28. Kg1 Bxf3 29. Qxf3 Bh2+ 30. Kh1 Bg3+ 31. Kg1 Bh2+ 32. Kh1 Bg3+ 33. Kg1 Bh2+ 1/2-1/2

[Event "*** Titled Tuesday Blitz"]
[Site "Chess.com"]
[Date "2018.10.02"]
[Round "4"]
[White "bascheyaro"]
[Black "Benek77"]
[Result "1-0"]
[WhiteElo "2702"]
[BlackElo "2607"]
[TimeControl "180+2"]
[EndTime "13:46:55 PDT"]
[Termination "bascheyaro won by resignation"]

1. d4 Nf6 2. Nf3 e6 3. c4 c5 4.
Nc3 cxd4 5. Nxd4 Nc6 6. e3 d5 7.
cxd5 Nxd5 8. Nxc6 bxc6 9. Bd2 Be7 10. Bc4 O-O 11. O-O Bf6 12. Rc1 a5 13. e4 Nxc3 14.
Bxc3 Bxc3 15. Rxc3 Ba6 16. Bxa6 Rxa6 17. Qc2 Qb6 18. Rc1 Rc8 19. e5 g6 20. Qd2 Rd8 21. Qg5 Qd4 22. h4 Rd5 23. Re3 Qxb2 24. Rc4 Qxa2 25.
Rf4 Qb1+ 26. Kh2 Rd1 27. Qe7 Qf5 28. Rxf5 exf5 29. e6 fxe6 30. Qxe6+ Kg7 31. Qe7+ Kg8 32. Qb7 1-0

[Event "*** Titled Tuesday Blitz"]
[Site "Chess.com"]
[Date "2018.10.02"]
[Round "4"]
[White "BocharovD"]
[Black "tony15051987"]
[Result "1-0"]
[WhiteElo "2791"]
[BlackElo "2606"]
[TimeControl "180+2"]
[EndTime "13:46:57 PDT"]
[Termination "BocharovD won by resignation"]

1. c4 Nf6 2. Nf3 e6 3. g3 d5 4.
Bg2 dxc4 5. O-O a6 6. Qc2 Be7 7.
Qxc4 b5 8. Qc2 Bb7 9. Nc3 c5 10. d3 O-O 11. Rd1 Nbd7 12. b3 Qb6 13. Bb2 Rac8 14.
Rac1 Rfd8 15. Nb1 Nd5 16. Nbd2 Bf6 17. Ne4 Bxb2 18. Qxb2 h6 19. a3 N7f6 20. Nfd2 Ne8 21. Rc2 f5 22. Nc3 Ndf6 23. Bxb7 Qxb7 24. Nf3 Nd6 25. Rdc1 Nf7 26. Nd1 Nd7 27. Ne3 Qb8 28. b4 cxb4 29. axb4 Nf8 30. Qa2 Qb7 31. d4 g6 32. d5 e5 33. Rc6 e4 34. Nd4 Ne5 35. Rxc8 Rxc8 36. Nc6 Kg7 37. Qb2 Nd7 38. Rc2 Re8 39.
d6 Rc8 40. Nxe5 Rxc2 1-0

[Event "*** Titled Tuesday Blitz"]
[Site "Chess.com"]
[Date "2018.10.02"]
[Round "4"]
[White "albi1999"]
[Black "AkibaRubi"]
[Result "1-0"]
[WhiteElo "2406"]
[BlackElo "2494"]
[TimeControl "180+2"]
[EndTime "13:47:03 PDT"]
[Termination "albi1999 won on time"]

1. d4 Nf6 2. Nf3 g6 3. g3 Bg7 4. Bg2 O-O 5. O-O d6 6. b3 Nbd7 7. Bb2 Re8 8. c4 c6 9. Nc3 Qc7 10. e4 e5 11. h3 h6 12. Re1 Nf8 13. Qd2 g5 14. Rad1 Ng6 15. d5 c5 16. a3 Nh7 17. Rc1 f5 18. exf5 Bxf5 19. Nh2 Nf6 20. Ne4 Nxe4 21. Bxe4 Bxe4 22. Rxe4 a5 23. a4 Rf8 24.
Qe2 Qf7 25. Kg2 b6 26. Rc3 Qe7 27. Rf3 Rxf3 28. Qxf3 Rf8 29. Qg4 Qf7 30. Re2 Qf5 31. Qxf5 Rxf5 32. Ng4 h5 33. Ne3 Rf7 34. Nd1 Kf8 35.
Nc3 Bf6 36. Ne4 Be7 37. Bc1 Rf5 38. Re3 h4 39. Rf3 Rxf3 40. Kxf3 hxg3 41. fxg3 g4+ 42. Kxg4 Kg7 43. h4 Nh8 44. Kf5 Kf7 45. h5 Bf8 46. g4 Ke7 47. g5 Nf7 48. h6 Nh8 49. g6 Kd7 50. g7 1-0

[Event "*** Titled Tuesday Blitz"]
[Site "Chess.com"]
[Date "2018.10.02"]
[Round "4"]
[White "Tjktiger"]
[Black "LucaBrasi1968"]
[Result "1-0"]
[WhiteElo "2706"]
[BlackElo "2439"]
[TimeControl "180+2"]
[EndTime "13:47:04 PDT"]
[Termination "Tjktiger won by resignation"]

1. d4 f5 2. Bg5 g6 3. Nc3 d5 4. h4 Bg7 5. Qd3 c6 6. O-O-O Be6 7. Nh3 h6 8. Bd2 Nf6 9. Nf4 Bf7 10. Qg3 Qc7 11. f3 Nbd7 12. Be1 O-O-O 13. e3 Rde8 14. Nd3 Qxg3 15. Bxg3 e6 16. Ne5 Nxe5 17. Bxe5 Nh5 18. Bxg7 Nxg7 19. f4 Nh5 20. Be2 Nf6 21. Bf3 Kc7 22. Rdg1 h5 23. Nb1 Kd6 24. Nd2 b6 25. b3 Rc8 26. Kb2 c5 27. dxc5+ bxc5 28. c4 Be8 29. Rc1 Bc6 30. Rhd1 Rhd8 31. cxd5 Bxd5 32. e4 fxe4 33. Nxe4+ Nxe4 34. Bxe4 Ke7 35. Bxg6 Rg8 36. f5 exf5 37. Rxd5 Rxg6 38. Rxf5 Rxg2+ 39. Rc2 Rxc2+ 40. Kxc2 c4 41. b4 Rg8 42. Kc3 Rg2 43.
Rxh5 Rxa2 44. Kxc4 Kf6 45. Kb3 Ra1 46. Ra5 Rh1 47. Rxa7 Rxh4 48. Rd7 Ke6 49. Rd1 Rh5 50.
Ka4 Rd5 51. Rxd5 Kxd5 52. Ka5 Kc6 53. Ka6 Kc7 54. b5 Kb8 55. Kb6 1-0

[Event "*** Titled Tuesday Blitz"]
[Site "Chess.com"]
[Date "2018.10.02"]
[Round "4"]
[White "hypert"]
[Black "FMJoseHerrera"]
[Result "0-1"]
[WhiteElo "2345"]
[BlackElo "2506"]
[TimeControl "180+2"]
[EndTime "13:47:06 PDT"]
[Termination "FMJoseHerrera won by checkmate"]

1. Nf3 c5 2. c4 b6 3. e3 Bb7 4.
d4 e6 5. Nc3 Nf6 6. Be2 a6 7. O-O Qc7 8. a4 Be7 9. d5 O-O 10. e4 exd5 11. exd5 h6 12. Re1 Bd6 13. Bd3 Bf4 14. g3 Bxc1 15. Rxc1 d6 16. Nh4 Bc8 17.
f4 Bg4 18. Qc2 a5 19. Kg2 Qd7 20. Nf5 Na6 21. Ne3 Nb4 22. Qd2 Bh3+ 23. Kg1 Rae8 24. Bb1 Re7 25. Ng2 Rfe8 26. Rxe7 Rxe7 27. Re1 Rxe1+ 28.
Qxe1 Bf5 29. Nb5 Bxb1 30. Qxb1 Qg4 31. Qe1 Nd3 32. Qd2 Qf3 33. Ne3 Nxb2 34. Nxd6 Nxa4 35. Nef5 Nc3 36. Ne7+ Kh8 37. h3 Ne2+ 38. Kh2 Qxg3+ 39.
Kh1 Qg1# 0-1

[Event "*** Titled Tuesday Blitz"]
[Site "Chess.com"]
[Date "2018.10.02"]
[Round "4"]
[White "Rodalquilar"]
[Black "Lovkov_Roman"]
[Result "1-0"]
[WhiteElo "2552"]
[BlackElo "2628"]
[TimeControl "180+2"]
[EndTime "13:47:08 PDT"]
[Termination "Rodalquilar won by resignation"]

1. d4 Nf6 2. Bg5 e6 3. e4 h6 4. Bxf6 Qxf6 5. c3 d6 6. Bd3 e5 7. Ne2 Nc6 8. O-O Bd7 9. d5 Ne7 10. f4 g5 11. fxe5 Qxe5 12. Nd2 Ng6 13. Qb3 Rb8 14. Qc4 Rc8 15. Qb4 b6 16. Bb5 c6 17.
dxc6 Bxc6 18. Bxc6+ Rxc6 19. Qa4 b5 20. Qxa7 Qc5+ 21.
Qxc5 dxc5 22. a4 bxa4 23. Rxa4 Bd6 24. Nc4 Bc7 25. Ra8+ Ke7 26. Ra7 Rc8 27. Ng3 Nf4 28. Nf5+ Kf8 29. g3 Nh3+ 30. Kg2 g4 31. Nfe3 Ng5 32.
Nxg4 Nxe4 33. Nce5 Rd6 34. Rxf7+ 1-0

[Event "*** Titled Tuesday Blitz"]
[Site "Chess.com"]
[Date "2018.10.02"]
[Round "4"]
[White "Thee-Chessboy"]
[Black "evgenysharapov"]
[Result "0-1"]
[WhiteElo "2307"]
[BlackElo "2456"]
[TimeControl "180+2"]
[EndTime "13:47:17 PDT"]
[Termination "evgenysharapov won by resignation"]

1. d4 d5 2. c4 c6 3. Nf3 Nf6 4. Qc2 g6 5. e3 Bf5 6. Bd3 Bxd3 7. Qxd3 Bg7 8. O-O e6 9. b3 O-O 10. a4 Nbd7 11. Ba3 Re8 12. Nc3 a6 13. e4 dxe4 14. Nxe4 Nxe4 15. Qxe4 Qb6 16. Qe3 e5 17. c5 Qc7 18.
dxe5 Nxe5 19. Rae1 Nxf3+ 20. Qxf3 Qd7 21. Bc1 Rxe1 22.
Rxe1 Re8 23. Rd1 Qe6 24. g3 h5 25. Bg5 Bf8 26. b4 a5 27. bxa5 Bxc5 28. a6 bxa6 29. Rc1 Qd6 30. Bf4 Qd4 31. Rd1 Qxa4 32. Rc1 Qb4 33. Qxc6 Re1+ 0-1

[Event "*** Titled Tuesday Blitz"]
[Site "Chess.com"]
[Date "2018.10.02"]
[Round "4"]
[White "gmcorrales"]
[Black "MaestroASK"]
[Result "1-0"]
[WhiteElo "2693"]
[BlackElo "2409"]
[TimeControl "180+2"]
[EndTime "13:47:20 PDT"]
[Termination "gmcorrales won by resignation"]

1. d4 d6 2. e4 g6 3. f4 c6 4. Nf3 d5 5. e5 h5 6. Bd3 Nh6 7. O-O Bf5 8. c4 Bxd3 9. Qxd3 dxc4 10.
Qxc4 e6 11. Nc3 Nf5 12. Ne4 Be7 13. Bd2 Nd7 14. Bb4 Nb6 15. Qb3 Qd5 16. Bxe7 Qxe4 17. Bc5 Qe3+ 18. Kh1 Qxb3 19. axb3 Nc8 20. Ng5 b6 21.
Ba3 Nce7 22. Ne4 Nd5 23. Rac1 Kd7 24. Rfd1 Rac8 25. g3 Kc7 26. Rd3 Kb7 27. Rf1 Rc7 28.
Rff3 Rd7 29. h3 a5 30. Kg1 Rdd8 31. g4 hxg4 32. hxg4 Nh6 33. Nd6+ Rxd6 34. Bxd6 Nxg4 35. Rh3 Rxh3 36. Rxh3 Nxf4 37. Rh4 Ne2+ 38. Kf1 Nxd4 39. Rxg4 Nxb3 40. Rf4 c5 41. Rxf7+ Kc6 42. Ke2 b5 43. Rg7 Kd5 44. Rxg6 a4 45. Rg8 Nd4+ 46. Kd3 b4 47. Rd8 Nc6 48. Rd7 c4+ 49. Ke3 Nxe5 50. Bxe5+ Kxe5 51. Kd2 Ke4 52. Rb7 c3+ 53. bxc3 bxc3+ 54.
Kxc3 e5 55. Ra7 Kf3 56. Kd2 e4 57. Ke1 1-0

[Event "*** Titled Tuesday Blitz"]
[Site "Chess.com"]
[Date "2018.10.02"]
[Round "4"]
[White "Indianlad"]
[Black "robbykevlishvili"]
[Result "1-0"]
[WhiteElo "2819"]
[BlackElo "2672"]
[TimeControl "180+2"]
[EndTime "13:47:24 PDT"]
[Termination "Indianlad won by resignation"]

1. d4 d5 2. c4 c6 3. Nc3 Nf6 4. e3 e6 5. Qc2 Nbd7 6. Nf3 Bd6 7.
b3 O-O 8. Bb2 b6 9. Bd3 h6 10. O-O Bb7 11. Rad1 Qe7 12. Rfe1 c5 13. cxd5 Nxd5 14. Nxd5 Bxd5 15. e4 Bb7 16. Bb5 cxd4 17. Rxd4 Rfd8 18. Red1 Nc5 19. b4 Nxe4 20. Rxe4 Bxe4 21.
Qxe4 Rac8 22. Bd3 f5 23. Qe2 Bxb4 24. g3 Bc3 25. Bc1 Bf6 26. Re1 Bc3 27. Rf1 Bf6 28. Bc4 Rc6 29. Bf4 Kh7 30. h4 e5 31. Bxe5 Bxe5 32.
Qxe5 Qxe5 33. Nxe5 Rc5 34. f4 Rd2 35. Rf2 Rxf2 36.
Kxf2 g5 37. Bd3 Kg7 38. Bxf5 Ra5 39. Be6 Kf6 40. Bb3 gxf4 41. gxf4 h5 42. Kf3 Kg7 43. Ke4 Rc5 44. f5 Rc1 45. Nd7 Re1+ 46. Kf4 Kh6 47. f6 Kg6 48. f7 Rf1+ 49. Ke5 Rxf7 50. Bxf7+ Kxf7 51. a4 Ke7 52. Nf6 a6 53. Nd5+ Kd7 54. Nxb6+ Kc6 55. Nd5 Kc5 56. Ke4 Kc4 57. Nf4 Kb4 58.
Nxh5 Kxa4 59. Nf4 Kb3 60. h5 a5 61. h6 a4 62. h7 a3 63. h8=Q 1-0

[Event "*** Titled Tuesday Blitz"]
[Site "Chess.com"]
[Date "2018.10.02"]
[Round "4"]
[White "Ramosha"]
[Black "topotun"]
[Result "1-0"]
[WhiteElo "2480"]
[BlackElo "2701"]
[TimeControl "180+2"]
[EndTime "13:47:29 PDT"]
[Termination "Ramosha won by resignation"]

1. d4 Nf6 2. Nf3 c5 3. c3 Qc7 4. g3 g6 5. Bf4 d6 6. Nbd2 Bg7 7.
Bg2 O-O 8. O-O Nbd7 9. e4 e5 10. dxe5 dxe5 11. Bg5 c4 12. Qe2 Nb6 13. a4 a5 14. Be3 Nfd7 15. Bh3 Nc5 16. Bxc8 Rfxc8 17. Nxc4 Ncxa4 18. Bxb6 Qxc4 19. Qxc4 Rxc4 20. b3 Rc6 21. bxa4 Rxb6 22. Rfb1 Raa6 23. Nd2 f5 24. Rxb6 Rxb6 25. Nc4 Ra6 26. Rb1 Ra7 27. Nd6 Bf8 28. Rxb7 Ra6 29.
Nc4 fxe4 30. Nxe5 Re6 31. Rb5 Bg7 32. Rb8+ Bf8 33. Nd7 Kg7 34. Rxf8 Rd6 35. Rd8 1-0

[Event "*** Titled Tuesday Blitz"]
[Site "Chess.com"]
[Date "2018.10.02"]
[Round "4"]
[White "Caterpiller35"]
[Black "grzechu96"]
[Result "0-1"]
[WhiteElo "2322"]
[BlackElo "2495"]
[TimeControl "180+2"]
[EndTime "13:47:33 PDT"]
[Termination "grzechu96 won by resignation"]

1. d4 d5 2. Bf4 c5 3. e3 Nc6 4. c3 Nf6 5. Nd2 Bf5 6. Qb3 Qd7 7. Ngf3 cxd4 8. exd4 a6 9. a4 e6 10. Ne5 Nxe5 11. dxe5 Ne4 12. Nxe4 Bxe4 13. f3 Bg6 14. h4 h6 15. h5 Bh7 16. O-O-O Be7 17. Bd3 Bxd3 18. Rxd3 b5 19. a5 Rc8 20. Be3 b4 21. Bd4 Qb5 22. Kd2 Qxa5 23. Ke3 O-O 24. f4 Rc4 25. g4 bxc3 26. bxc3 Bc5 27. g5 Bxd4+ 28. cxd4 Rfc8 29. gxh6 Rc3 30. Qb2 gxh6 31. Rg1+ Kf8 32. Ra1 Rxd3+ 33. Kxd3 Qb5+ 34. Qxb5 axb5 35. Rb1 Rb8 36. Kc3 Kg7 37. Kb4 Rc8 38. Ka5 Rc4 39.
Rb4 Rc3 40. Kxb5 Rf3 41. Kc5 Rxf4 42. Kd6 Rf5 43. Ke7 Rxh5 44. Rb8 Rf5 0-1

[Event "*** Titled Tuesday Blitz"]
[Site "Chess.com"]
[Date "2018.10.02"]
[Round "4"]
[White "Siemba"]
[Black "Ziyamammadov"]
[Result "0-1"]
[WhiteElo "1998"]
[BlackElo "1917"]
[TimeControl "180+2"]
[EndTime "13:47:34 PDT"]
[Termination "Ziyamammadov won by resignation"]

1. e4 e6 2. d4 d5 3. Nc3 Nf6 4. Bg5 dxe4 5. Nxe4 Be7 6. Bxf6 Bxf6 7. Nf3 O-O 8. Bd3 Nc6 9. Nxf6+ Qxf6 10. O-O Rd8 11. c3 Bd7 12. Re1 Ne7 13. Ne5 Bc6 14. Re3 Nd5 15. Bxh7+ Kxh7 16. Rh3+ Kg8 17. Qh5 Kf8 18. Rg3 Nf4 19. Qg4 g6 20. Re1 Ke7 21. c4 Rxd4 22. Qg5 Qxg5 23. Rxg5 Rad8 24. g3 Nh3+ 25. Kf1 Nxg5 26. f4 Nf3 27. Re3 Nxe5 28. fxe5 Rd1+ 0-1

[Event "*** Titled Tuesday Blitz"]
[Site "Chess.com"]
[Date "2018.10.02"]
[Round "4"]
[White "SantoBlue"]
[Black "jerom555888"]
[Result "1-0"]
[WhiteElo "2831"]
[BlackElo "2702"]
[TimeControl "180+2"]
[EndTime "13:47:37 PDT"]
[Termination "SantoBlue won by resignation"]

1. e4 a6 2. d4 e6 3. Nf3 d5 4. Nc3 Bb4 5. exd5 exd5 6. Bd3 Ne7 7. O-O Nbc6 8. Ne2 Bd6 9. h3 Nb4 10. Bf4 O-O 11. Bxd6 Qxd6 12. Ng3 h6 13. Be2 Nf5 14. Nxf5 Bxf5 15. c3 Nc6 16. Bd3 Bxd3 17. Qxd3 Rfe8 18.
Rfe1 Qf4 19. g3 Qf6 20. Kg2 Kf8 21. Nh2 Kg8 22. Ng4 Qg5 23. Ne3 Re6 24. h4 Qd8 25.
Qc2 Ne7 26. Ng4 Qd7 27. Ne5 Qe8 28. Nd3 Rxe1 29. Rxe1 b6 30. Qe2 Kf8 31. Ne5 Qc8 32. Nxf7 Kxf7 33. Qxe7+ Kg8 34. Re5 a5 35. Rxd5 c5 36. Rd7 Qf8 37. Qxf8+ Kxf8 38. dxc5 bxc5 39. Rc7 Rb8 40. Rxc5 Rxb2 41. Rxa5 Kf7 42. a4 Kf6 43. c4 Rc2 44. Rc5 Ra2 45. a5 g6 46. h5 g5 47. Rc6+ Kg7 48. a6 Kh7 49. Rc7+ 1-0

[Event "*** Titled Tuesday Blitz"]
[Site "Chess.com"]
[Date "2018.10.02"]
[Round "4"]
[White "vovachesss"]
[Black "sergeikim"]
[Result "1/2-1/2"]
[WhiteElo "2464"]
[BlackElo "2447"]
[TimeControl "180+2"]
[EndTime "13:47:39 PDT"]
[Termination "Game drawn by agreement"]

1. c4 e5 2. Nc3 Nc6 3. e3 Nf6 4. d4 Bb4 5. a3 Bxc3+ 6. bxc3 O-O 7. Nf3 d6 8. Qc2 e4 9. Ng5 Re8 10. f3 Bf5 11. fxe4 Nxe4 12. Nxe4 Bxe4 13. Bd3 Na5 14. O-O d5 15. cxd5 Qxd5 16. Rf4 f5 17.
Bd2 Nc4 18. Raf1 g6 19. Bxe4 Rxe4 20. g4 Nd6 21. gxf5 gxf5 22. c4 Qxc4 23. Qxc4+ Nxc4 24. Bc1 Nd6 25. a4 Rae8 26. Ba3 Rxf4 27. Rxf4 Rxe3 28.
Bxd6 cxd6 29. Rxf5 a6 30. Rf6 Ra3 31. Rxd6 Rxa4 32.
Rd8+ Kg7 33. Rd7+ Kg6 34. Rxb7 Rxd4 35. Rb6+ Kg5 36. Rxa6 Rd2 37. Ra4 h5 38. h4+ 1/2-1/2

[Event "*** Titled Tuesday Blitz"]
[Site "Chess.com"]
[Date "2018.10.02"]
[Round "4"]
[White "ftorodent"]
[Black "Gabrielian_Artur"]
[Result "0-1"]
[WhiteElo "2526"]
[BlackElo "2691"]
[TimeControl "180+2"]
[EndTime "13:47:43 PDT"]
[Termination "Gabrielian_Artur won on time"]

1. d4 Nf6 2. Nf3 e6 3. c4 c5 4.
d5 exd5 5. cxd5 d6 6. Nc3 g6 7.
Bf4 Bg7 8. Qa4+ Bd7 9. Qb3 b5 10. Bxd6 Qb6 11. Be5 c4 12. Qd1 b4 13.
Na4 Qa5 14. b3 Bxa4 15. bxa4 Nbd7 16. Bd4 O-O 17. e3 b3+ 18. Qd2 Qxa4 19. Qb2 Qa5+ 20.
Bc3 Nxd5 21. Bxa5 Bxb2 22. Rd1 Bc3+ 23. Bxc3 Nxc3 24. Bxc4 Nxd1 25. Kxd1 b2 26. Ke2 Rab8 27. Rb1 Rfc8 28. Nd2 a5 29. a4 Rb4 30. Bb3 Rcb8 31.
Bc2 Nc5 0-1

[Event "*** Titled Tuesday Blitz"]
[Site "Chess.com"]
[Date "2018.10.02"]
[Round "4"]
[White "petrpalachev"]
[Black "lavr92"]
[Result "1-0"]
[WhiteElo "2774"]
[BlackElo "2522"]
[TimeControl "180+2"]
[EndTime "13:47:44 PDT"]
[Termination "petrpalachev won by resignation"]

1. d4 d5 2. c4 c6 3. Nf3 Nf6 4. Nc3 e6 5. e3 Nbd7 6. Qc2 dxc4 7. Bxc4 b5 8. Bd3 a6 9. a4 b4 10. Ne4 Bb7 11. O-O c5 12. Nxc5 Nxc5 13. dxc5 Bxc5 14. Qxc5 Qxd3 15. Qxb4 Bxf3 16. gxf3 Qg6+ 17. Kh1 Qf5 18. Qf4 Qxf4 19. exf4 Rb8 20. Be3 Nd5 21. Rfc1 Kd7 22.
Bd4 Rb3 23. f5 Rxf3 24. fxe6+ fxe6 25. b4 Rf4 26. Rd1 Rc8 27. b5 Rc4 28. Be3 Rf8 29. bxa6 Ra8 30. a7 Ke7 31. Bd4 Kd6 32. a5 e5 33. Bb6 Kc6 34. Rab1 Nc3 35. Rbc1 Kb5 36.
Rd8 Rxd8 37. Bxd8 Rc8 38. Bc7 Nd5 39. Rb1+ 1-0

[Event "*** Titled Tuesday Blitz"]
[Site "Chess.com"]
[Date "2018.10.02"]
[Round "4"]
[White "Maikrosoft63"]
[Black "dretch"]
[Result "0-1"]
[WhiteElo "2553"]
[BlackElo "2782"]
[TimeControl "180+2"]
[EndTime "13:47:44 PDT"]
[Termination "dretch won by resignation"]

1. e4 e6 2. d4 d5 3. Nd2 c5 4. Ngf3 cxd4 5. exd5 Qxd5 6. Bc4 Qd6 7. O-O Nf6 8. Nb3 Be7 9. Nbxd4 a6 10. Qe2 O-O 11.
Bg5 b5 12. Bd3 Bb7 13. Rad1 Nbd7 14. Nxb5 axb5 15. Bxh7+ Nxh7 16. Rxd6 Bxd6 17. Be3 Rfd8 18. Rd1 Bf8 19. Qxb5 Ne5 20. Rxd8 Rxd8 21. h3 Nxf3+ 22. gxf3 Bxf3 23. Bc5 Rd1+ 24. Kh2 Rd5 25. Qb3 Rxc5 26. Qxf3 Rxc2 27. Qb3 Rxf2+ 28. Kg3 Rd2 29. a4 Bd6+ 30. Kf3 Ng5+ 31. Ke3 Rd5 32. h4 Nh3 33.
Qb7 Nf4 34. b4 Rd3+ 35. Kf2 Be5 36. Qc8+ Kh7 37. Qc2 Bd4+ 38. Ke1 Bc3+ 39. Kf1 Bxb4 40. Qc4 Bd2 41. h5 Be3 42. Qe4+ f5 43. Qf3 Ra3 44. Qd1 Ra2 45. Qd7 Ra1+ 0-1

[Event "*** Titled Tuesday Blitz"]
[Site "Chess.com"]
[Date "2018.10.02"]
[Round "4"]
[White "sergoy"]
[Black "Zq1"]
[Result "1-0"]
[WhiteElo "2788"]
[BlackElo "2589"]
[TimeControl "180+2"]
[EndTime "13:47:45 PDT"]
[Termination "sergoy won by resignation"]

1. d4 Nf6 2. c4 a6 3. e3 c5 4. Nf3 e6 5. d5 exd5 6. cxd5 d6 7.
Nc3 b5 8. Be2 g6 9. Nd2 Bg7 10. a4 b4 11. Nce4 Nxe4 12. Nxe4 O-O 13. O-O Re8 14. Nd2 Nd7 15. Qc2 a5 16. e4 Rb8 17. Rb1 Bd4 18. b3 Ne5 19. Bb2 f5 20. Bb5 Rf8 21. Bxd4 cxd4 22. Rbc1 fxe4 23. Qxe4 d3 24.
Qd4 Qg5 25. f4 Qg4 26. Qe3 Nf7 27. Ne4 Nh6 28. Nxd6 Nf5 29. Nxf5 Bxf5 30. d6 Rbd8 31. Bc4+ Kg7 32. Rf3 Rde8 33. Qd4+ Rf6 34. Bxd3 Bxd3 35. Qxd3 Rxf4 36. d7 Rxf3 37. dxe8=N+ 1-0

[Event "*** Titled Tuesday Blitz"]
[Site "Chess.com"]
[Date "2018.10.02"]
[Round "4"]
[White "akretchetov"]
[Black "EmreDedebas"]
[Result "1/2-1/2"]
[WhiteElo "2289"]
[BlackElo "2405"]
[TimeControl "180+2"]
[EndTime "13:47:52 PDT"]
[Termination "Game drawn by repetition"]

1. d4 Nf6 2. c4 e6 3. Nf3 b6 4. a3 Bb7 5. Nc3 d5 6. cxd5 Nxd5 7. Qc2 Be7 8. e4 Nxc3 9. bxc3 O-O 10. Bd3 c5 11.
Qe2 cxd4 12. cxd4 Nc6 13. Bb2 Bf6 14. e5 Be7 15. Rc1 a6 16. O-O b5 17. Rfd1 Na5 18.
Nd2 Bd5 19. Ne4 Nc4 20. Nc5 Bxc5 21. dxc5 Qg5 22. f3 Rac8 23. Bd4 Nxa3 24. Ra1 Nc4 25. Rxa6 Rfd8 26. Ra7 Ra8 27. Rda1 Rxa7 28. Rxa7 Qc1+ 29.
Qf1 Qd2 30. Qe2 Qc1+ 31. Qf1 Qf4 32. Bf2 Nxe5 33. Bxb5 Nxf3+ 34. gxf3 Qxf3 35. Bg3 Qh1+ 36. Kf2 Qf3+ 37. Kg1 Qh1+ 38. Kf2 Qf3+ 39. Kg1 Qh1+ 40.
Kf2 Qf3+ 1/2-1/2

[Event "*** Titled Tuesday Blitz"]
[Site "Chess.com"]
[Date "2018.10.02"]
[Round "4"]
[White "m3alam"]
[Black "ddtru"]
[Result "1-0"]
[WhiteElo "2122"]
[BlackElo "2243"]
[TimeControl "180+2"]
[EndTime "13:47:52 PDT"]
[Termination "m3alam won on time"]

1. d4 Nf6 2. Nf3 d5 3. c4 c6 4. Nc3 e6 5. e3 Nbd7 6. Qc2 Bd6 7.
Bd2 O-O 8. Rc1 a6 9. c5 Bc7 10. Bd3 e5 11. dxe5 Nxe5 12. Nxe5 Bxe5 13. Ne2 Re8 14.
Bc3 Bg4 15. Bxe5 Rxe5 16. Nd4 Bh5 17. h3 Bg6 18. Bxg6 hxg6 19. O-O Ne4 20. Rfd1 Qf6 21.
f3 Ng3 22. Qf2 Nf5 23. Rc3 Rae8 24. Nxf5 gxf5 25. Rb3 R8e7 26. Rd4 Qe6 27. Rdb4 Qc8 28. Kh2 a5 29. Rh4 Qc7 30. Rh5 Rxe3+ 31. f4 Re2 32. Qh4 f6 33. Rg3 1-0

[Event "*** Titled Tuesday Blitz"]
[Site "Chess.com"]
[Date "2018.10.02"]
[Round "4"]
[White "Tarlev_Konstantin"]
[Black "Korchmar_Vasiliy"]
[Result "0-1"]
[WhiteElo "2598"]
[BlackElo "2679"]
[TimeControl "180+2"]
[EndTime "13:47:53 PDT"]
[Termination "Korchmar_Vasiliy won by resignation"]

1. e4 c5 2. Nf3 d6 3. Bb5+ Nd7 4. O-O a6 5. Bxd7+ Bxd7 6. Re1 Nf6 7. h3 e5 8. c3 Be7 9. d4 Qc7 10. Bg5 O-O 11.
Nbd2 b5 12. Bh4 Rfe8 13. Bg3 Bf8 14. a4 cxd4 15. cxd4 bxa4 16. dxe5 dxe5 17. Nxe5 Rxe5 18. Rc1 Qb8 19. Nc4 Be6 20. Bxe5 Qb5 21. Bxf6 Bxc4 22. Bc3 Re8 23. Qd4 Bb3 24. e5 Re6 25. Qf4 Rg6 26. Bd4 Bd5 27. f3 Qb7 28. Kh2 h6 29. Re2 Be7 30. Qf5 Be6 31. Qe4 Bd5 32. Qc2 Kh7 33. Qc7 Qb5 34. Rf2 Bh4 35. Rfc2 Bg3+ 36. Kh1 Bf4 37. Rg1 Qd3 38. Qc3 Qf5 39. Re2 Qg5 40. Qc2 Qg3 0-1

[Event "*** Titled Tuesday Blitz"]
[Site "Chess.com"]
[Date "2018.10.02"]
[Round "4"]
[White "Bryakin_Mikhail"]
[Black "Alopekos"]
[Result "1/2-1/2"]
[WhiteElo "2669"]
[BlackElo "2440"]
[TimeControl "180+2"]
[EndTime "13:47:53 PDT"]
[Termination "Game drawn - insufficient material"]

1. d4 Nf6 2. c4 e6 3. Nc3 d5 4.
Nf3 c5 5. cxd5 cxd4 6. Qxd4 exd5 7. e3 Nc6 8. Bb5 Be7 9. O-O O-O 10. Bxc6 bxc6 11.
b4 a5 12. b5 cxb5 13. Nxb5 Ba6 14. a4 Rb8 15. Rb1 Ne4 16. Bd2 Nxd2 17. Qxd2 Bb4 18.
Qd3 Qd7 19. Nfd4 Rfc8 20. Rfc1 Rxc1+ 21. Rxc1 Rc8 22. Rxc8+ Qxc8 23. g3 g6 24. Kg2 Qc4 25. Qxc4 dxc4 26. Kf3 Kf8 27. Ke2 Ke7 28. e4 Bb7 29. f3 h5 30. Nc2 Bc6 31. Ne3 Bxb5 32. axb5 Kd6 33. Nxc4+ Kc5 34. Ne5 Kxb5 35. Nxf7 Kc4 36.
Kd1 Kd3 37. Ne5+ Ke3 38. f4 Kxe4 39. Nxg6 a4 40. Kc2 a3 41. Ne5 h4 42. Nc6 hxg3 43.
hxg3 Be1 44. Kb3 Bxg3 45. Kxa3 Bxf4 46. Kb3 Bd6 47. Ne5 Bxe5 1/2-1/2